 Dungeon Crawl Stone Soup version 0.21.1-1-g345015f (webtiles) character file.

396 nicolaieve the Cleaver (level 6, 0/52 HPs)
             Began as a Minotaur Berserker on June 12, 2018.
             Was a Believer of Trog.
             Succumbed to wilfster70's ghost's poison
             ... on level 4 of the Dungeon.
             The game lasted 00:16:52 (3498 turns).

nicolaieve the Cleaver (Minotaur Berserker)         Turns: 3498, Time: 00:16:53

Health: 0/52       AC: 14    Str: 22    XL:     6   Next: 52%
Magic:  5/5        EV:  7    Int:  4    God:    Trog [**....]
Gold:   215        SH:  0    Dex: 11    Spells: 5/5 levels left

rFire    + . .     SeeInvis .   q - +0 hand axe
rCold    . . .     Gourm    .   (no shield)
rNeg     . . .     Faith    .   e - +2 plate armour {rF+}
rPois    .         Spirit   .   (helmet restricted)
rElec    .         Reflect  .   (no cloak)
rCorr    .         Harm     .   k - +0 pair of gloves
MR       ++...                  (no boots)
Stlth    ..........             (no amulet)
HPRegen  1.17/turn              (no ring)
MPRegen  0.09/turn              (no ring)

@: lethally poisoned (0 -> -13), berserk cooldown, regenerating, slowed, very
slow
A: retaliatory headbutt, horns 2
a: Berserk, Trog's Hand, Burn Spellbooks, Renounce Religion


You were on level 4 of the Dungeon.
You worshipped Trog.
Trog was pleased with you.
You were very hungry.

You visited 1 branch of the dungeon, and saw 4 of its levels.

You collected 215 gold pieces.

Inventory:

Hand Weapons
 a - a +0 hand axe
 q - a +0 hand axe (weapon)
Missiles
 h - 47 stones (quivered)
Armour
 e - a +2 plate armour of fire resistance (worn)
 k - a +0 pair of gloves (worn)
 o - a +0 shield
Jewellery
 p - an uncursed ring of ice
Scrolls
 f - a scroll of enchant weapon {unknown}
 i - a scroll of magic mapping {unknown}
 j - 2 scrolls of teleportation {unknown}
 n - a scroll of remove curse
Potions
 b - 2 potions of lignification
 d - a potion of cancellation {unknown}
 g - a potion of curing {unknown}
 m - 2 potions of agility
 t - a potion of magic {unknown}
Books
 r - a book of Misfortune

   Spells                             Type                      Level
   a - Confusing Touch                Hexes                        1
   b - Confuse                        Hexes                        3
   c - Gell's Gravitas                Translocation                3
   d - Petrify                        Transmutation/Earth          4
   e - Metabolic Englaciation         Hexes/Ice                    5
   f - Yara's Violent Unravelling     Hexes/Transmutation          5
   Trog disapproves of the use of such an item.
Comestibles
 c - 5 rations


   Skills:
 - Level 3.8 Fighting
 * Level 8.8 Axes
 - Level 2.4 Armour
 - Level 2.2 Dodging


You had 5 spell levels left.
You didn't know any spells.

Dungeon Overview and Level Annotations

Branches:
Dungeon (4/15)
 Temple: D:4-7

Altars:

Annotations:
D:4 wilfster70's ghost, novice HaWr


Innate Abilities, Weirdness & Mutations

You reflexively headbutt those who attack you in melee.
You have a pair of horns on your head.


Message History

You feel the effects of Trog's Hand fading.
* * * LOW HITPOINT WARNING * * *
You feel very sick.
Wilfster70's ghost hits you but does no damage.
You are more poisoned.
Unknown command.
Drop what? 18/52 slots (_ for help) (? for menu, Esc to quit)
Okay, then.
Unknown command.
Unknown command.
You closely miss wilfster70's ghost.
Wilfster70's ghost is heavily damaged.
* * * LOW HITPOINT WARNING * * *
You feel very sick.
Wilfster70's ghost casts a spell.
Wilfster70's ghost blinks!
You hit wilfster70's ghost but do no damage.
Your headbutt misses wilfster70's ghost.
Wilfster70's ghost is heavily damaged.
You die...

### #.. #.. ####### #..
.###.....# #..
.......W.# #..
###...@)########## ##.
#....)..).......####.
........)##)######......
####.....##...#########.
##########.....# #.
#####.#####. #.......
#####W.# #....


You could see wilfster70's ghost.

Vanquished Creatures
  An ogre (D:4)
  An orc priest (D:3)
  2 orc wizards (D:4)
  2 iguanas
  A worker ant (D:4)
  5 adders
  A gnoll (D:2)
  An ooze (D:3)
  3 worms
  2 dart slugs
  16 orcs
  5 bats (D:3)
  2 giant cockroaches
  4 goblins
  8 hobgoblins
  4 jackals
  3 quokkas
  A ball python (D:3)
  3 frilled lizards
  7 kobolds
  8 rats
80 creatures vanquished.

Notes
Turn   | Place    | Note
-------+----------+-------------------------------------------
     0 | D:1      | nicolaieve the Minotaur Berserker began the quest for the Orb.
     0 | D:1      | Reached XP level 1. HP: 19/19 MP: 0/0
   131 | D:1      | Reached skill level 4 in Axes
   142 | D:1      | Reached XP level 2. HP: 11/27 MP: 1/1
   284 | D:1      | HP: 1/27 [hobgoblin (5)]
  1205 | D:2      | Reached skill level 5 in Axes
  1205 | D:2      | Reached XP level 3. HP: 23/33 MP: 2/2
  1414 | D:2      | Reached XP level 4. HP: 40/40 MP: 3/3
  1534 | D:2      | Reached skill level 6 in Axes
  2034 | D:3      | Reached ** piety under Trog
  2245 | D:3      | Reached XP level 5. HP: 46/46 MP: 4/4
  2340 | D:3      | Reached skill level 7 in Axes
  3262 | D:4      | Reached skill level 8 in Axes
  3293 | D:4      | Reached XP level 6. HP: 28/52 MP: 5/5
  3396 | D:4      | Noticed wilfster70's ghost (novice HaWr)
  3498 | D:4      | Succumbed to wilfster70's ghost's poison

Skill      XL: |  1  2  3  4  5 |
---------------+----------------+-----
Axes           | 4 5 6 8 |  8.8
Fighting       | |  3.8
Armour         | |  2.4
Dodging        | |  2.2

Action                   |  1- 3 |  4- 6 || total
-------------------------+-------+-------++-------
Melee: Hand axe          |    51 |   167 ||   218
       Headbutt          |     8 |    28 ||    36
Invok: Berserk           |     1 |     3 ||     4
       Trog's Hand       |       |     2 ||     2
  Use: Scroll            |       |     4 ||     4
  Eat: Chunk             |     2 |     6 ||     8
       Ration            |       |     1 ||     1
Armor: Animal skin       |     2 |       ||     2
       Plate armour      |    11 |   107 ||   118
Dodge: Dodged            |    18 |    57 ||    75
